 Dungeon Crawl Stone Soup version 0.22.1-2-g9c5b331383 (webtiles) character file.

100 Pocketmage the Sneak (level 4, -3/21 HPs)
             Began as a Spriggan Enchanter on Nov 24, 2018.
             Killed by divine providence
             ... invoked by an orc priest
              (10 damage)
             ... on level 3 of the Dungeon.
             The game lasted 00:08:33 (2331 turns).

Pocketmage the Sneak (Spriggan Enchanter)           Turns: 2331, Time: 00:08:34

Health: -3/21      AC:  2    Str:  5    XL:     4   Next: 47%
Magic:  4/10       EV: 19    Int: 16    God:
Gold:   67         SH:  0    Dex: 16    Spells: 3/9 levels left

rFire    . . .     SeeInvis +   h - +2 dagger (venom)
rCold    . . .     Gourm    .   (shield restricted)
rNeg     . . .     Faith    .   b - +0 robe
rPois    .         Spirit   .   (helmet restricted)
rElec    .         Reflect  .   (no cloak)
rCorr    .         Harm     .   (gloves unavailable)
MR       .....                  (boots unavailable)
Stlth    +++.......             (no amulet)
HPRegen  0.07/turn              (no ring)
MPRegen  0.12/turn              (no ring)

@: very quick
A: very small, unfitting armour, see invisible, herbivore, speed 3, slow
metabolism 2
a: no special abilities


You were on level 3 of the Dungeon.
You were hungry.

You visited 1 branch of the dungeon, and saw 3 of its levels.

You collected 67 gold pieces.

Inventory:

Hand Weapons
 a - a +1 dagger
 h - a +2 dagger of venom (weapon)
Missiles
 l - a throwing net (quivered)
Armour
 b - a +0 robe (worn)
Jewellery
 m - an uncursed ring of protection from fire {unknown}
Wands
 o - a wand of iceblast (7)
Scrolls
 e - 2 scrolls of magic mapping {unknown}
 f - a scroll of teleportation {unknown}
 g - 2 scrolls of amnesia {unknown}
 i - a scroll of remove curse {unknown}
 p - a scroll of fog {unknown}
Potions
 c - a potion of brilliance
 k - a potion of cancellation {unknown}
 n - a potion of curing {unknown}
Comestibles
 d - 7 rations


   Skills:
 + Level 2.2 Short Blades
 + Level 4.0 Dodging
 + Level 5.4 Stealth
 + Level 3.4 Spellcasting
 + Level 4.4 Hexes


You had 3 spell levels left.
You knew the following spells:

 Your Spells              Type           Power        Failure   Level  Hunger
a - Corona                Hex            ###....      3%          1    None
b - Ensorcelled Hibernat  Hex/Ice        #.....       11%         2    ##.....
c - Confuse               Hex            ###.....     9%          3    ###....

Your spell library contained the following spells:

 Spells                   Type           Power        Failure   Level  Hunger
 Tukima's Dance           Hex            ###.....     9%          3    ###....
 Dazzling Spray           Conj/Hex       #.....       22%         3    ###....


Dungeon Overview and Level Annotations

Branches:
Dungeon (3/15)

Altars:
Qazlal

Annotations:
D:1 1 runed door


Innate Abilities, Weirdness & Mutations

You are very small and have problems with some larger weapons.
You are too small for most types of armour.
You have supernaturally acute eyesight. (SInv)
You are a herbivore.
You cover ground extremely quickly.
You need to consume almost no food.


Message History

Press: ? - help, Shift-Dir - straight line, f - orc
Aim: an orc, wielding a dagger (chance to defeat MR: 58%)
The orc resists with significant effort.
The orc hits you but does no damage.
Casting: Ensorcelled Hibernation (safe; 11% risk of failure)
Confirm with . or Enter, or press ? or * to list all spells.
Aiming: Ensorcelled Hibernation (safe; 11% risk of failure)
Press: ? - help, Shift-Dir - straight line, f/p - orc
Aim: an orc, wielding a dagger (black smoke, chance to defeat MR: 58%)
The orc looks drowsy...
The helpless orc fails to defend itself.
You impale the orc!!
You kill the orc!
The orc priest mumbles some strange prayers to Beogh against you.
Beogh smites you!
Ouch! That really hurt!
Found a ration.
The orc priest invokes the aid of Beogh against you.
Beogh smites you!
You die...

##.... #.#..... ...#...
##....... ..#. #......).
...# ..#### #.....÷..
.......... #........
.........##........ ..
#.§§§.§...#........
....##§§§§§§§§..........
.....%§@§§§§.......>)...
.......§§§§§............
.......§§§§......(......
......#§§...$...........
..o.......).............
.......................<
.....##?.#..............
..... #............#####
. #...####.....#


You could see an orc priest.

Vanquished Creatures
  A worker ant (D:3)
  A gnoll (D:1)
  An adder (D:2)
  An adder zombie (D:3)
  A worm (D:3)
  2 dart slugs
  2 orcs
  2 goblins
  12 hobgoblins
  2 jackals (D:1)
  A quokka (D:2)
  9 bats
  3 frilled lizards
  4 kobolds
  4 rats
46 creatures vanquished.

Notes
Turn   | Place    | Note
-------+----------+-------------------------------------------
     0 | D:1      | Pocketmage the Spriggan Enchanter began the quest for the
                  | Orb.
     0 | D:1      | Reached XP level 1. HP: 9/9 MP: 5/5
     1 | D:1      | Found a runed door.
   296 | D:1      | Reached XP level 2. HP: 13/13 MP: 6/6
   302 | D:1      | Learned a level 2 spell: Ensorcelled Hibernation
   582 | D:1      | Reached XP level 3. HP: 16/16 MP: 5/8
   889 | D:2      | Reached skill level 5 in Stealth
  1041 | D:2      | Learned a level 3 spell: Confuse
  1063 | D:2      | Found a stormy altar of Qazlal.
  1773 | D:3      | Reached XP level 4. HP: 14/21 MP: 9/9
  2331 | D:3      | Killed from afar by an orc priest

Skill      XL: |  1  2  3  4 |
---------------+-------------+-----
Spellcasting   | 3 |  3.4
Hexes          | 4 |  4.4
Stealth        | 5 |  5.4
Short Blades   | 2 |  2.2
Dodging        | 4 |  4.0

Action                   |  1- 3 |  4- 6 || total
-------------------------+-------+-------++-------
Melee: Dagger            |    92 |     6 ||    98
 Cast: Ensorcelled Hiber |    19 |    11 ||    30
  Use: Potion            |       |     2 ||     2
 Stab: Sleeping          |    29 |     5 ||    34
Armor: Robe              |     3 |       ||     3
Dodge: Dodged            |    47 |    10 ||    57
